 Dungeon Crawl Stone Soup version 0.31-a0-1-g4198be8af4 (webtiles) character file.

Game seed: 3934143548158743793

3328 Orangeyouglad the Ducker (level 10, -8/67 (71) HPs)
             Began as a Human Artificer on May 2, 2023.
             Was a Priest of Zin.
             Mangled by a troll (11 damage)
             ... on level 9 of the Dungeon.
             The game lasted 00:38:14 (11772 turns).

Orangeyouglad the Ducker (Human Artificer)         Turns: 11772, Time: 00:38:14

HP:   -8/67 (71)    AC:  8    Str: 15    XL:     10   Next: 21%
MP:   9/13          EV: 19    Int: 22    God:    Zin [***...]
Gold: 296           SH:  0    Dex: 14    Spells: 3/13 levels left

rFire   . . .        E - +1 shortbow (freeze)
rCold   . . .        (shield currently unavailable)
rNeg    . . .        b - +0 leather armour
rPois   ∞            (no helmet)
rElec   .            u - +2 cloak {rCorr}
rCorr   +            D - +1 pair of gloves {Stlth+}
SInv    .            (no boots)
Will    .....        (no amulet)
Stlth   +++          a - +5 ring of evasion
HPRegen 0.31/turn    C - +6 ring of intelligence
MPRegen 0.13/turn

%: no passive effects
@: vitalised, about to teleport, drained
A: no striking features
a: Renounce Religion, Recite, Vitalisation, Imprison, Donate Gold


You were on level 9 of the Dungeon.
You worshipped Zin.
Zin was most pleased with you.
You visited 2 branches of the dungeon, and saw 10 of its levels.

You collected 493 gold pieces.
You spent 148 gold pieces at shops.
You donated 49 gold pieces to Zin.

Inventory:

Hand Weapons
 k - a +1 short sword of speed
 E - a +1 shortbow of freezing (weapon)
Missiles
 o - 4 boomerangs
 x - 3 atropa-tipped darts
 z - 13 poisoned darts
Armour
 b - a +0 leather armour (worn)
 u - a +2 cloak of preservation (worn)
 D - a +1 pair of gloves of stealth (worn)
Jewellery
 a - a +5 ring of evasion (left hand)
 j - a ring of magical power
 n - the ring "Caluerao" {rF+ Dex+2}
   (You found it on level 4 of the Dungeon)

   [ring of protection from fire]

   Dex:       It affects your dexterity (+2).
   rF:        It protects you from fire.
 C - a +6 ring of intelligence (right hand)
Wands
 d - a wand of flame (4)
 v - a wand of paralysis (6)
Scrolls
 e - 2 scrolls of acquirement {unknown}
 g - 3 scrolls of vulnerability
 i - a scroll of poison
 l - 2 scrolls of torment
 p - 2 scrolls of magic mapping {unknown}
 r - 2 scrolls of teleportation
 t - a scroll of silence {unknown}
 w - a scroll of fear {unknown}
 y - 2 scrolls of enchant weapon {unknown}
 B - a scroll of fog {unknown}
Potions
 c - a potion of resistance
 f - 3 potions of lignification
 h - a potion of haste {unknown}
 m - a potion of cancellation {unknown}
 q - 3 potions of attraction {unknown}
 s - 2 potions of magic {unknown}
 A - a potion of brilliance {unknown}


   Skills:
 - Level 4.0 Fighting
 - Level 2.4 Armour
 + Level 6.2 Dodging
 - Level 2.6 Stealth
 - Level 2.0 Spellcasting
 + Level 5.3 Conjurations
 + Level 3.5 Ice Magic
 + Level 5.8 Air Magic
 + Level 5.9 Poison Magic
 - Level 1.0 Invocations
 - Level 3.0 Evocations


You had 3 spell levels left.
You knew the following spells:

 Your Spells              Type           Power      Damage    Failure   Level
a - Poisonous Vapours     Pois/Air       56%        N/A       2%          2
b - Mephitic Cloud        Conj/Pois/Air  27%        N/A       4%          3
c - Freezing Cloud        Conj/Ice/Air   11%        6-21      52%         5

Your spell library contained the following spells:

 Spells                   Type           Power      Damage    Failure   Level
 Stone Arrow              Conj/Erth      28%        3d8       17%         3
 Summon Guardian Golem    Hex/Summ       2%         N/A       45%         3
 Animate Armour           Summ/Erth      4%         N/A       86%         4
 Orb of Destruction       Conj           12%        9d7       100%        7
 Spellforged Servitor     Conj/Summ      7%         N/A       100%        7
 Lehudib's Crystal Spear  Conj/Erth      7%         10d3      100%        8


Dungeon Overview and Level Annotations

Branches:
Dungeon (9/15)             Temple (1/1) D:4
   Lair: D:8-11         Orc: D:9-12

Altars:
Ashenzari
Cheibriados
Dithmenos
Elyvilon
Fedhas
Hepliaklqana
Kikubaaqudgha
Makhleb
Nemelex Xobeh
Okawaru
Qazlal
Ru
Sif Muna
Trog
Uskayaw
Vehumet
Wu Jian
Xom
Yredelemnul
Zin

Shops:
D:5 *

Annotations:
D:3 Grinder
D:9 Joseph


Message History

You see here a +0 flail.
There is a stone staircase leading down, spattered with blood here.
Items here: ( ))).
You climb downwards.
Level annotation: Joseph The wight completely misses you.
The troll completely misses you. The troll closely misses you.
The troll claws you but does no damage. The wight hits you with a +2 hand axe!
You feel drained. The wight completely misses you.
The wight hits you but does no damage. The troll bites you!
The troll completely misses you. The troll claws you.
There is a stone staircase leading up, spattered with blood here.
Okay, then.
Zin grants you divine stamina.
The wight hits you with a +0 morningstar!
A wight comes into view. It is wielding a +0 long sword.
The troll bites you! The troll barely misses you. The troll misses you.
The wight misses you.
Okay, then.
The air fills with toxic fumes!
As you read the scroll of poison, it crumbles to dust.
The wight closely misses you. The troll bites you.
* * * LOW HITPOINT WARNING * * *
The troll closely misses you. The troll misses you.
The wight hits you with a +2 hand axe!
* * * LOW HITPOINT WARNING * * *
You feel drained.
* * * LOW HITPOINT WARNING * * *
Okay, then.
Okay, then.
As you read the scroll of teleportation, it crumbles to dust.
You feel strangely unstable. The wight barely misses you. The troll bites you.
* * * LOW HITPOINT WARNING * * *
The troll misses you. The troll claws you! Zin protects you from harm!
The wight misses you.
Okay, then.
Zin grants you divine stamina. The wight closely misses you.
The troll closely misses you. x2
The troll claws you!
You die...

####
#######.......#
#§§§§.§§#
#§§§§§§§#
#§§z§§§§#
#§§§§§§§#
#§§§§§§§#
#§§§§§§§#
#§§§§§§§#
#§§§T@§§#
#§§§zz§§#
#§§§§§§§#
#§§§§§§§#
#§§§§§§§#
#§§§§§§§#
#§§§§§§§#
#§§§§§§§#


You could see a troll and 3 wights.

Vanquished Creatures
  A two-headed ogre (D:8)
  Sigmund (D:3)
  A steam dragon (D:8)
  3 water moccasins
  An ice beast (D:7)
  2 orc warriors
  A black bear (D:5)
  An ogre (D:5)
  2 centaurs
  A phantom (D:5)
  A kobold brigand (D:8)
  The ghost of BillyBaka the Trooper, an amateur VSMo (D:4)
  2 wights (D:7)
  5 killer bees (D:8)
  A howler monkey (D:6)
  Crazy Yiuf (D:3)
  A gnoll bouda (D:7)
  4 jellies
  An orc priest (D:8)
  3 sleepcaps
  Ijyb (D:3)
  Natasha (twice) (D:2)
  2 iguanas
  4 orc wizards
  12 gnolls
  11 adders
  2 shadow imps
  A white imp (D:5)
  An ufetubus (D:6)
  A worm (D:4)
  5 dart slugs
  19 orcs
  2 bats
  2 endoplasms (D:1)
  2 giant cockroaches (D:1)
  3 goblins
  6 hobgoblins
  3 jackals (D:5)
  10 kobolds
  3 quokkas
  4 ball pythons
  3 frilled lizards
  2 rats
135 creatures vanquished.

Vanquished Creatures (collateral kills)
  A phantom (D:5)
  An iguana (D:5)
  An adder (D:5)
  A dart slug (D:5)
  A jackal (D:5)
5 creatures vanquished.

Vanquished Creatures (others)
  A scorpion (D:5)
  An orc wizard (D:5)
  A white imp (D:5)
  An orc (D:4)
  A ball python (D:1)
5 creatures vanquished.

Grand Total: 145 creatures vanquished

Notes
Turn   | Place    | Note
-------+----------+-------------------------------------------
     0 | D:1      | Orangeyouglad the Human Artificer began the quest for the
                  | Orb.
     0 | D:1      | Reached XP level 1. HP: 15/15 MP: 1/1
   112 | D:1      | Reached XP level 2. HP: 20/21 MP: 2/2
   140 | D:1      | Reached XP level 3. HP: 25/26 MP: 3/3
   859 | D:2      | Learned a level 2 spell: Poisonous Vapours
  1170 | D:2      | Reached XP level 4. HP: 29/33 MP: 4/4
  1525 | D:2      | Identified the +8 scimitar of Xebaits Feix {heavy, rC+
                  | Str+2}
  1573 | D:2      | Noticed Natasha
  1574 | D:2      | Killed Natasha
  1575 | D:2      | Reached skill level 2 in Dodging
  1609 | D:2      | Noticed Natasha
  1610 | D:2      | Killed Natasha
  1611 | D:2      | Reached skill level 1 in Air Magic
  1611 | D:2      | Reached XP level 5. HP: 38/38 MP: 5/5
  1741 | D:3      | Noticed Sigmund
  1788 | D:3      | Reached skill level 1 in Poison Magic
  1994 | D:3      | Found a stormy altar of Qazlal.
  2209 | D:3      | Noticed Grinder
  2403 | D:4      | Identified the ring "Caluerao" {rF+ Dex+2}
  2450 | D:4      | Found a staircase to the Ecumenical Temple.
  2482 | D:4      | Reached XP level 6. HP: 33/46 MP: 6/6
  2573 | Temple   | Entered the Ecumenical Temple
  2634 | Temple   | Became a worshipper of Zin the Law-Giver
  2634 | Temple   | Reached * piety under Zin
  2694 | D:4      | Found a shimmering altar of Xom.
  2740 | D:4      | Found a runed translucent door.
  2740 | D:4      | Noticed BillyBaka's ghost (amateur VSMo)
  2830 | D:4      | Found a shadowy altar of Dithmenos.
  2830 | D:4      | Noticed a shadow
  2831 | D:4      | Found a hazy altar of Hepliaklqana.
  3167 | D:4      | Learned a level 3 spell: Mephitic Cloud
  3193 | D:5      | Entered Level 5 of the Dungeon
  3193 | D:5      | Noticed an ogre
  3216 | D:4      | Reached skill level 1 in Invocations
  3454 | D:5      | Found Tetra's Assorted Antiques.
  3521 | D:5      | Noticed a black bear
  3643 | D:5      | Reached skill level 3 in Dodging
  3643 | D:5      | Reached XP level 7. HP: 26/52 MP: 2/7
  3756 | D:5      | Reached skill level 1 in Conjurations
  3790 | D:5      | Reached ** piety under Zin
  4620 | D:5      | Reached XP level 8. HP: 60/60 MP: 2/8
  4958 | D:5      | Found an ornate altar of the Wu Jian Council.
  5540 | D:6      | Reached skill level 4 in Dodging
  6028 | D:5      | Bought a cloak for 148 gold pieces
  6528 | D:6      | Reached skill level 1 in Spellcasting
  7327 | D:7      | Found a sparkling altar of Nemelex Xobeh.
  7338 | D:7      | Found a shimmering blue altar of Sif Muna.
  7406 | D:7      | Reached XP level 9. HP: 34/65 MP: 11/11
  7649 | D:7      | Learned a level 5 spell: Freezing Cloud
  7804 | D:7      | Found an ancient bone altar of Kikubaaqudgha.
  8065 | D:7      | Reached *** piety under Zin
  8399 | D:3      | Noticed Ijyb
  8408 | D:3      | Paralysed by Ijyb for 2 turns
  8411 | D:3      | Paralysed by Ijyb for 5 turns
  8438 | D:3      | Killed Ijyb
  8598 | D:3      | Found an iron altar of Okawaru.
  8827 | D:3      | Killed Sigmund
  8828 | D:3      | Reached skill level 5 in Dodging
  8828 | D:3      | Reached skill level 1 in Ice Magic
  9044 | D:3      | Found a runed translucent door.
  9045 | D:3      | Noticed Crazy Yiuf
  9056 | D:3      | Killed Crazy Yiuf
  9156 | D:4      | Killed BillyBaka's ghost
  9399 | D:9      | Noticed Joseph
  9399 | D:9      | Noticed a troll
  9399 | D:9      | Noticed a two-headed ogre
  9545 | D:8      | Found a sacrificial altar of Ru.
 10120 | D:8      | Reached skill level 5 in Poison Magic
 10348 | D:8      | Reached skill level 5 in Air Magic
 11218 | D:8      | Found a white marble altar of Elyvilon.
 11373 | D:8      | Reached XP level 10. HP: 53/71 MP: 2/13
 11553 | D:8      | Killed a two-headed ogre
 11554 | D:8      | Reached skill level 6 in Dodging
 11554 | D:8      | Reached skill level 5 in Conjurations
 11771 | D:9      | HP: 3/67 [troll (6)]
 11771 | D:9      | Zin protects you from harm!
 11772 | D:9      | Mangled by a troll

Illustrated notes

Levels and vault maps discovered:
D:1:      lemuel_arrival_tunnels, layout_basic, minmay_pentomino_t4
D:2:      layout_basic, uniq_natasha
D:3:      layout_rooms, nicolae_qazlal_scattered_showers, lemuel_tele_altar,
          corner_web_ring, kennysheep_decorative_pillar, uniq_ijyb,
          uniq_sigmund, uniq_crazy_yiuf_cottage, uniq_grinder
D:4:      layout_rooms, riverfiend_overflow_shadow_ancestor, dk_xom_monty_hall,
          temple_fountains, hellmonk_ghost_happy_afterlife, grunt_decor_junction
D:5:      layout_rooms, nicolae_wu_jian_glorious_leap, serial_shops, shop,
          hangedman_decor_riveting, chequers_decorated_corner
D:6:      layout_cave_pools
D:7:      layout_loops_ring, mainiacjoe_overflow_catwalk_spiral,
          lemuel_round_altar
D:8:      layout_loops_ring, mainiacjoe_overflow_two_lobes
D:9:      layout_cross, mainiacjoe_overflow_concentric_impassable,
          lair_entry_dummy, gammafunk_ghost_necromancy, eino_tiny_chamber,
          chequers_serial_rivers_micro_a, dreamdust_gnoll_shepherd, uniq_joseph
Temple:   nicolae_temple_ecumenical_triangle

Skill      XL: |  1  2  3  4  5  6  7  8  9 10 |
---------------+-------------------------------+-----
Stealth        | 2 |  2.6
Fighting       | 2 3 4 |  4.0
Dodging        | 2 3 4 5 6 |  6.2
Air Magic      | 1 2 3 4 5 |  5.8
Poison Magic   | 1 2 3 4 5 |  5.9
Invocations    | 1 |  1.0
Conjurations   | 2 3 4 5 |  5.3
Spellcasting   | 1 2 |  2.0
Ice Magic      | 2 3 |  3.5
Armour         | |  2.4
Evocations     | |  3.0

Action                     |  1- 3 |  4- 6 |  7- 9 | 10-12 || total
---------------------------+-------+-------+-------+-------++-------
  Melee: Club              |    38 |       |       |       ||    38
         Punch             |     2 |     2 |    13 |       ||    17
         Short sword       |    64 |   124 |   515 |     1 ||   704
   Fire: Shortbow          |       |       |       |     4 ||     4
  Throw: Dart              |       |       |     8 |       ||     8
   Cast: Poisonous Vapours |       |     7 |    91 |     3 ||   101
         Mephitic Cloud    |       |       |    18 |     2 ||    20
 Invoke: Vitalisation      |       |       |     4 |     2 ||     6
         Recite            |       |       |     7 |       ||     7
  Evoke: Wand              |     3 |    17 |    35 |       ||    55
    Use: Scroll            |       |     6 |     6 |     2 ||    14
         Potion            |       |     1 |     7 |       ||     8
   Stab: Sleeping          |     1 |     1 |       |       ||     2
         Distracted        |       |     2 |       |       ||     2
         Invisible         |       |       |     3 |       ||     3
         Paralysed         |       |       |     9 |       ||     9
         Confused          |       |       |     5 |       ||     5
 Armour: Leather armour    |    23 |    13 |    77 |     2 ||   115
  Dodge: Dodged            |    65 |    88 |   434 |    22 ||   609

Table legend: (Time is in decaauts)
 A = Elapsed time spent in this place.
 B = Non-inter-level travel time spent in this place.
 C = Inter-level travel time spent in this place.
 D = Time resting spent in this place.
 E = Time spent auto-exploring this place.
 F = Levels seen in this place.
 G = Mean time per level.
                   A        B        C        D        E       F      G
               +--------+--------+--------+--------+--------+-----+--------+
         Total |  11564 |  10838 |    726 |   3501 |   3723 |  10 | 1156.4 |
       Dungeon |  11482 |  10756 |    726 |   3501 |   3688 |   9 | 1275.8 |
        Temple |     82 |     82 |      0 |      0 |     35 |   1 |   82.0 |
               +--------+--------+--------+--------+--------+-----+--------+

Top non-repeatable levels by time:
     D:5: 2443 daAuts
     D:8: 2025 daAuts
     D:7: 1618 daAuts
     D:3: 1322 daAuts
     D:4: 1140 daAuts
     D:6: 1123 daAuts
     D:2: 962 daAuts
     D:1: 814 daAuts
  Temple: 82 daAuts
     D:9: 30 daAuts
